 Dungeon Crawl Stone Soup version 0.29-a0-338-g1ff7896281 (webtiles) character file.

Game seed: 17371644179564626323

667 spaghetti the Covert (level 7, -8/62 HPs)
             Began as a Naga Fighter on Apr 18, 2022.
             Mangled by an ice beast (11 damage)
             ... on level 5 of the Dungeon.
             The game lasted 00:05:13 (3805 turns).

spaghetti the Covert (Naga Fighter)                 Turns: 3805, Time: 00:05:13

Health: -8/62      AC:  0    Str: 25    XL:     7   Next: 57%
Magic:  0/9        EV:  7    Int:  9    God:
Gold:   230        SH:  4    Dex: 13    Spells: 6/6 levels left

rFire   . . .      SeeInvis +   l - +12 whip of Freezing Fortitude {chaos, Str+5 Dex+3, mace}
rCold   . . .      Faith    .   s - +0 buckler
rNeg    . . .      Spirit   +   b - +0 scale mail
rPois   +          Reflect  .   (no helmet)
rElec   .          Harm     .   v - +0 cloak
rCorr   .          Rampage  .   (no gloves)
Will    .....                   (no barding)
Stlth   +++.......              w - amulet of guardian spirit
HPRegen 0.20/turn               (no ring)
MPRegen 0.11/turn               (no ring)

@: mighty, corroded, very slow
A: AC +2, large, see invisible, deformed body, poison resistance, slowness 2,
spit poison 1, naga tail 1
a: Spit Poison


You were on level 5 of the Dungeon.
You visited 1 branch of the dungeon, and saw 5 of its levels.

You collected 230 gold pieces.


Innate Abilities, Weirdness & Mutations

Your serpentine skin is tough. (AC +2)
You have supernaturally acute eyesight. (SInv)
Armour fits poorly on your strangely shaped body.
Your system is resistant to poisons. (rPois)
You cover ground very slowly.
You can spit poison.
You have a snake-like lower body.


   Skills:
 - Level 3.0 Fighting
 - Level 2.0 Short Blades
 + Level 3.7 Maces & Flails
 - Level 2.4 Armour
 + Level 9.4 Stealth
 - Level 2.4 Shields
 * Level 3.2 Invocations


You had 6 spell levels left.
You didn't know any spells.
Your spell library contained the following spells:

 Spells                   Type           Power      Damage    Failure   Level
 Ensorcelled Hibernation  Hex/Ice        0%         N/A       88%         2
 Spider Form              Tmut/Pois      0%         N/A       98%         3
 Anguish                  Hex/Necr       0%         N/A       100%        4

Inventory:

Hand Weapons
 a - a +0 rapier {short}
 l - the +12 whip of Freezing Fortitude (weapon) {chaos, Str+5 Dex+3, mace}
   (You found it on level 2 of the Dungeon)

   Each time it hits an enemy it has a different, random effect.
   Str:       It affects your strength (+5).
   Dex:       It affects your dexterity (+3).
Missiles
 e - 70 stones (quivered) {throwing}
 p - 2 boomerangs of dispersal {=f!fthrowing}
 y - a curare-tipped dart {=fthrowing}
Armour
 b - a +0 scale mail (worn)
 s - a +0 buckler (worn)
   (You found it on level 3 of the Dungeon)
 v - a +0 cloak (worn)
   (You found it on level 4 of the Dungeon)
Jewellery
 w - an amulet of guardian spirit (around neck)
   (You found it on level 5 of the Dungeon)
Wands
 t - a wand of acid (9)
   (You found it on level 3 of the Dungeon)
Scrolls
 c - a scroll of amnesia {unknown}
 j - 2 scrolls of enchant armour {unknown}
 k - 7 scrolls of identify {unknown}
 q - a scroll of teleportation {unknown}
 u - a scroll of magic mapping {unknown}
Potions
 f - 3 potions of haste {@q3}
 g - 3 potions of attraction {!q}
 h - 3 potions of degeneration {unknown}
 i - 2 potions of cancellation {unknown}
 m - a potion of berserk rage {unknown}
 n - a potion of resistance {unknown}
 o - a potion of lignification {unknown}
 r - 3 potions of curing {@q1}
 x - 2 potions of flight {unknown}

Dungeon Overview and Level Annotations

Branches:
Dungeon (5/15)             Temple (0/1) D:4

Altars:
Elyvilon
Nemelex Xobeh

Shops:
D:4

= # ##.....##(# #
..###.#... # .#
#.#(..(.$. ###.#
.###(#... .##.#########
....(##.# ..#.##......#
#.#(.....
..#.##.####.####YS...#.#
..#.##.#........@..#.#!#
..#.##.#.########....###
....##.#.# ###....
.........# .#.
....##.### . ..#..#.#
#....#.# #.#>.#.#
#.#..#.#


You could see an ice beast (agile, drained) and an adder.


Message History

The jelly quivers.
You throw a stone {throwing}.
The stone {throwing} hits the dart slug but does no damage.
You throw a stone {throwing}.
The stone {throwing} hits the dart slug.
You throw a stone {throwing}.
The stone {throwing} hits the dart slug.
The dart slug launches a dart at you. You block the slug dart.
You throw a stone {throwing}.
The stone {throwing} hits the dart slug but does no damage.
You throw a stone {throwing}.
The stone {throwing} hits the dart slug.
You throw a stone {throwing}.
The stone {throwing} hits the dart slug but does no damage.
You throw a stone {throwing}.
The stone {throwing} hits the dart slug but does no damage.
You whack the dart slug!
You kill the dart slug!
The ice beast hits you. The ice beast freezes you.
You are too injured to fight recklessly!
You are too injured to fight recklessly!
You are too injured to fight recklessly!
You are too injured to fight recklessly! 😕 HP[-7]
You take 7 damage, and now have 55/62 hp.
You are too injured to fight recklessly!
You are too injured to fight recklessly!
You are too injured to fight recklessly!
You are too injured to fight recklessly!
You are too injured to fight recklessly!
You are too injured to fight recklessly!
You are too injured to fight recklessly!
You are too injured to fight recklessly!
You are too injured to fight recklessly!
You are too injured to fight recklessly!
You are too injured to fight recklessly!
You are too injured to fight recklessly!
You are too injured to fight recklessly!
You are too injured to fight recklessly!
You are too injured to fight recklessly!
You are too injured to fight recklessly!
You are too injured to fight recklessly!
You are too injured to fight recklessly!
You are too injured to fight recklessly!
You are too injured to fight recklessly!
Unknown command.
You whack the jelly!
The jelly seems to slow down.
The acid corrodes you!
Your hands burn!
You block the ice beast's attack. The jelly hits you. The acid corrodes you!
You are splashed with acid! 😮 HP[-12] MP[-2]
You take 12 damage, and now have 43/62 hp.
You lost 2 mp, and now have 7/9 mp.
You whack the jelly! You burn the jelly.
You kill the jelly!
The ice beast barely misses you.
Unknown command.
You hit the ice beast but do no damage. You drain the ice beast.
The adder barely misses you.
You block the ice beast's attack. 😮 HP[+1]
You completely miss the ice beast. The adder bites you. The ice beast hits you.
The ice beast freezes you!
* * * LOW HITPOINT WARNING * * *
😨 HP[-13] MP[-3]
You take 13 damage, and now have 31/62 hp.
MASSIVE DAMAGE!! (PAUSE)
You lost 3 mp, and now have 4/9 mp.
You hit the ice beast.
You melt the ice beast.
The adder bites you.
* * * LOW HITPOINT WARNING * * *
The adder closely misses you. The ice beast hits you.
* * * LOW HITPOINT WARNING * * *
The ice beast freezes you!
* * * LOW HITPOINT WARNING * * *
😨 HP[-9] MP[-2]
You take 9 damage, and now have 22/62 hp.
You lost 2 mp, and now have 2/9 mp.
You feel very mighty all of a sudden. The adder bites you.
* * * LOW HITPOINT WARNING * * *
The ice beast hits you.
* * * LOW HITPOINT WARNING * * *
The ice beast freezes you.
* * * LOW HITPOINT WARNING * * *
😱 HP[-7]
You take 7 damage, and now have 15/62 hp.
Unknown command.
Unknown command.
You whack the ice beast! You block the adder's attack.
You hit the ice beast but do no damage.
The ice beast suddenly seems more agile.
The ice beast hits you.
* * * LOW HITPOINT WARNING * * *
The ice beast freezes you!
* * * LOW HITPOINT WARNING * * *
The adder bites you.
* * * LOW HITPOINT WARNING * * *
The ice beast hits you.
* * * LOW HITPOINT WARNING * * *
The ice beast freezes you!
You die...

Skill      XL: |  1  2  3  4  5  6  7 |
---------------+----------------------+-----
Stealth        | 2 4 6 7 8 9 |  9.4
Maces & Flails | 2 3 |  3.7
Invocations    | 1 3 |  3.2
Fighting       | |  3.0
Short Blades   | |  2.0
Armour         | |  2.4
Shields        | |  2.4

Action                   |  1- 3 |  4- 6 |  7- 9 || total
-------------------------+-------+-------+-------++-------
Melee: Rapier            |    46 |       |       ||    46
       Whip              |    23 |    67 |    23 ||   113
Throw: Stone             |    42 |    95 |    25 ||   162
 Abil: Spit Poison       |     5 |       |       ||     5
  Use: Potion            |       |     3 |     1 ||     4
 Stab: Sleeping          |       |     1 |       ||     1
Armor: Scale mail        |    27 |    20 |     4 ||    51
Dodge: Dodged            |    31 |    23 |     5 ||    59
Block: Buckler           |    12 |    13 |     6 ||    31

Levels and vault maps discovered:
D:1:      dpeg_arrival_prison, layout_rooms
D:2:      layout_loops_ring, dreamdust_ecumenical_altar_grove
D:3:      layout_loops_ring, nicolae_elyvilon_peaceful_grove, eino_tiny_chamber,
          minmay_circle_x
D:4:      layout_basic, mainiacjoe_overflow_paths,
          minmay_temple_entry_from_below_a, serial_shops,
          nicolae_shop_behind_doors
D:5:      layout_basic, minmay_fractal_squares_5

Notes
Turn   | Place    | Note
-------+----------+-------------------------------------------
     0 | D:1      | spaghetti the Naga Fighter began the quest for the Orb.
     0 | D:1      | Reached XP level 1. HP: 21/21 MP: 1/1
     0 | D:1      | magus.rc [v1.9.6]
    10 | D:1      | Reached skill level 1 in Stealth
    99 | D:1      | Reached skill level 2 in Stealth
   136 | D:1      | Reached XP level 2. HP: 23/28 MP: 2/2
   228 | D:1      | Reached skill level 3 in Stealth
   678 | D:2      | Identified the +12 whip of Freezing Fortitude {chaos, Str+5
                  | Dex+3}
   751 | D:2      | Reached skill level 4 in Stealth
   751 | D:2      | Reached XP level 3. HP: 34/34 MP: 3/3
   868 | D:2      | Found a faded altar of an unknown god.
  1451 | D:3      | Reached skill level 5 in Stealth
  1625 | D:3      | Noticed a necrophage
  1632 | D:3      | Killed a necrophage
  1633 | D:3      | Reached skill level 6 in Stealth
  1633 | D:3      | Reached XP level 4. HP: 32/42 MP: 4/4
  1777 | D:3      | Reached skill level 7 in Stealth
  1888 | D:3      | Reached XP level 5. HP: 49/49 MP: 5/5
  2003 | D:3      | Found a white marble altar of Elyvilon.
  2320 | D:4      | Reached skill level 1 in Maces & Flails
  2375 | D:4      | Found a sparkling altar of Nemelex Xobeh.
  2404 | D:4      | Reached skill level 2 in Maces & Flails
  2404 | D:4      | Reached skill level 8 in Stealth
  2404 | D:4      | Reached XP level 6. HP: 50/56 MP: 6/6
  2809 | D:4      | Found Darow's Jewellery Boutique.
  3066 | D:4      | Reached skill level 3 in Maces & Flails
  3231 | D:4      | Found a staircase to the Ecumenical Temple.
  3283 | D:5      | Entered Level 5 of the Dungeon
  3343 | D:5      | Noticed a water moccasin
  3354 | D:5      | HP: 13/56 [water moccasin (4)]
  3359 | D:5      | Killed a water moccasin
  3360 | D:5      | Reached skill level 9 in Stealth
  3360 | D:5      | Reached skill level 1 in Invocations
  3360 | D:5      | Reached XP level 7. HP: 22/62 MP: 3/8
  3587 | D:5      | Reached skill level 2 in Invocations
  3644 | D:5      | You pick up a book of Dreams and begin reading...
  3644 | D:5      | You add the spells Ensorcelled Hibernation, Spider Form and
                  | Anguish to your library.
  3746 | D:5      | Reached skill level 3 in Invocations
  3803 | D:5      | HP: 15/62 [ice beast (4)]
  3805 | D:5      | HP: 7/62 [ice beast (7)]
  3805 | D:5      | HP: 3/62 [ice beast (2)]
  3805 | D:5      | Mangled by an ice beast

Vanquished Creatures
  A water moccasin (D:5)
  A kobold brigand (D:5)
  2 necrophages
  A scorpion (D:4)
  A howler monkey (D:5)
  3 jellies
  A hound (D:5)
  An iguana (D:4)
  5 adders
  3 worms
  4 dart slugs
  7 orcs
  3 ball pythons
  2 endoplasms
  6 giant cockroaches
  2 goblins (D:1)
  2 hobgoblins
  4 jackals (D:4)
  9 kobolds
  3 quokkas
  2 bats
  5 rats
68 creatures vanquished.

Vanquished Creatures (others)
  A fungus (D:2)
  2 plants (D:2)
3 creatures vanquished.

Grand Total: 71 creatures vanquished

Table legend:
 A = Non-vault XP
 B = Vault XP
 C = Vault XP percentage of total XP
 D = Non-vault monster count
 E = Vault monster count
 F = Vault count percentage of total count
                 A         B        C        D         E       F
            +---------+---------+-------+---------+---------+-------
      Total |     899 |      54 |   5.7 |      61 |       7 |  10.3
            +---------+---------+-------+---------+---------+-------
        D:1 |      19 |       6 |  24.0 |      11 |       3 |  21.4
        D:2 |      27 |       0 |   0.0 |       5 |       0 |   0.0
        D:3 |     120 |       6 |   4.8 |      16 |       3 |  15.8
        D:4 |     323 |       0 |   0.0 |      19 |       0 |   0.0
        D:5 |     410 |      42 |   9.3 |      10 |       1 |   9.1
            +---------+---------+-------+---------+---------+-------

Illustrated notes

Table legend:
 A = Kills in this place as a percentage of kills in entire the game.
 B = Kills by you in this place as a percentage of kills by you in the entire game.
 C = Kills by friends in this place as a percentage of kills by friends in the entire game.
 D = Other kills in this place as a percentage of other kills in the entire game.
 E = Experience gained in this place as a percentage of experience gained in the entire game.
 F = Experience gained in this place divided by the number of levels of this place that you have seen.
                   A       B       C       D       E      F
               +-------+-------+-------+-------+-------+----------------------
         Total | 100.0 | 100.0 |   N/A |   N/A | 100.0 | 190.6
       Dungeon | 100.0 | 100.0 |   N/A |   N/A | 100.0 | 190.6
               +-------+-------+-------+-------+-------+----------------------

Table legend: (Time is in decaauts)
 A = Elapsed time spent in this place.
 B = Non-inter-level travel time spent in this place.
 C = Inter-level travel time spent in this place.
 D = Time resting spent in this place.
 E = Time spent auto-exploring this place.
 F = Levels seen in this place.
 G = Mean time per level.
                   A        B        C        D        E       F      G
               +--------+--------+--------+--------+--------+-----+--------+
         Total |   4808 |   4663 |    145 |     65 |   4000 |   5 |  961.6 |
       Dungeon |   4808 |   4663 |    145 |     65 |   4000 |   5 |  961.6 |
               +--------+--------+--------+--------+--------+-----+--------+

Top non-repeatable levels by time:
     D:4: 1276 daAuts
     D:3: 1146 daAuts
     D:2: 985 daAuts
     D:1: 820 daAuts
     D:5: 580 daAuts
